 Dungeon Crawl Stone Soup version 0.27.1-3-gb3d3a73c9e (webtiles) character file.

Game seed: 17715377955651232215

929 styxcanada the Covert (level 7, -12/36 HPs)
             Began as a Spriggan Brigand on Oct 19, 2021.
             Was an Initiate of Gozag.
             Mangled by Duvessa (16 damage)
             ... on level 5 of the Dungeon.
             The game lasted 00:23:41 (4391 turns).

styxcanada the Covert (Spriggan Brigand)            Turns: 4391, Time: 00:23:44

Health: -12/36     AC:  4    Str:  7    XL:     7   Next: 85%
Magic:  9/9        EV: 20    Int: 12    God:    Gozag
Gold:   96         SH:  0    Dex: 19    Spells: 2/8 levels left

rFire    . . .     SeeInvis +   l - +2 dagger (venom)
rCold    . . .     Faith    .   (shield restricted)
rNeg     . . .     Spirit   .   b - +0 robe
rPois    +         Reflect  .   (helmet restricted)
rElec    .         Harm     .   c - +1 cloak
rCorr    .         Rampage  .   (gloves unavailable)
Will     +....                  (boots unavailable)
Stlth    +++++.....             g - amulet of regeneration
HPRegen  1.12/turn              m - ring of poison resistance
MPRegen  0.11/turn              (no ring)

@: very quick
A: very small, no large weapons, unfitting armour, see invisible, speed 3
a: Renounce Religion, Potion Petition, Call Merchant, Bribe Branch


You were on level 5 of the Dungeon.
You worshipped Gozag.
Gozag was noncommittal.
You visited 2 branches of the dungeon, and saw 6 of its levels.

You collected 427 gold pieces.
You spent 281 gold pieces at shops.
You paid 50 gold pieces to Gozag.

Inventory:

Hand Weapons
 a - a +2 dagger
 k - a +0 hunting sling
 l - a +2 dagger of venom (weapon)
 p - a +2 flail of holy wrath
Missiles
 e - a curare-tipped dart
 j - 175 stones
 u - 2 poisoned darts (quivered)
 w - 20 sling bullets
Armour
 b - a +0 robe (worn)
 c - a +1 cloak (worn)
Jewellery
 g - an amulet of regeneration (around neck)
 m - a ring of poison resistance (left hand)
Wands
 n - a wand of charming (4)
 q - a wand of mindburst (13)
Scrolls
 f - 4 scrolls of identify
Potions
 d - 2 potions of brilliance
 h - a potion of heal wounds
 i - a potion of ambrosia
 r - a potion of flight
 s - a potion of might
 x - a potion of invisibility


   Skills:
 * Level 3.3 Fighting
 + Level 4.3 Short Blades
 + Level 3.1 Throwing
 * Level 5.3 Dodging
 * Level 10.1 Stealth
 * Level 1.0 Spellcasting
 * Level 1.0 Hexes
 * Level 0.7 Evocations


You had 2 spell levels left.
You knew the following spells:

 Your Spells              Type           Power      Damage    Failure   Level
a - Invisibility          Hex            1%         N/A       100%        6

Your spell library contained the following spells:

 Spells                   Type           Power      Damage    Failure   Level
 Apportation              Tloc           0%         N/A       30%         1
 Beastly Appendage        Tmut           0%         N/A       30%         1
 Wereblood                Tmut           0%         N/A       41%         2
 Summon Guardian Golem    Hex/Summ       1%         N/A       58%         3
 Spider Form              Tmut/Pois      0%         N/A       65%         3
 Alistair's Intoxication  Tmut/Pois      0%         N/A       100%        5
 Orb of Destruction       Conj           0%         N/A       100%        7
 Spellforged Servitor     Conj/Summ      0%         N/A       100%        7


Dungeon Overview and Level Annotations

Branches:
Dungeon (5/15)             Temple (1/1) D:4

Altars:
Cheibriados
Gozag
Kikubaaqudgha
Qazlal
Sif Muna
Trog
Uskayaw
Vehumet
Wu Jian
The Shining One

Shops:
D:5 ?[*

Annotations:
D:5 Duvessa


Innate Abilities, Weirdness & Mutations

You are very small and have problems with some larger weapons.
You are too small for most types of armour.
You have supernaturally acute eyesight. (SInv)
You cover ground extremely quickly. (Speed+++)


Message History

You now have 96 gold pieces (gained 13).
Magic restored.
There is a stone staircase leading up here.
You open the door.
Found Fuplob's Armour Shoppe.
There is an open door here.
There is an entrance to Fuplob's Armour Shoppe here.
You open the door. You open the door.
There is an open door here.
Duvessa and Dowan come into view.
The helpless Dowan fails to defend himself.
You skewer Dowan like a kebab!!!
You kill Dowan!
Duvessa screams in rage.
Duvessa goes berserk!
Your Spellcasting skill increases to level 1!
Your Hexes skill increases to level 1!
Duvessa closely misses you.
Things that are here:
5 gold pieces; a +0 dagger; a +0 robe You closely miss Duvessa.
Duvessa misses you.
You hit Duvessa.
Duvessa is poisoned.
Duvessa is lightly wounded.
Duvessa hits you with a +0 short sword. Duvessa hits you with a +0 short sword!
You hit Duvessa.
Duvessa looks as sick as possible!
Duvessa is lightly wounded.
Duvessa hits you with a +0 short sword!
Duvessa is distracted by your dazzling golden aura.
Duvessa is no longer distracted by gold.
You hit Duvessa.
Duvessa looks as sick as possible!
Duvessa is moderately wounded.
Duvessa hits you with a +0 short sword!
You hit Duvessa but do no damage.
Duvessa is moderately wounded.
Duvessa hits you with a +0 short sword!
* * * LOW HITPOINT WARNING * * *
Duvessa hits you with a +0 short sword!
You die...
Your body crumbles into a pile of gold.

#.# #.##
#..'.......+.#
#.####.#
##..♣♣♣♣+♣♣♣♣.
#....#'####.###
#.#.#.. ..
####.'∩+.#.#.#
##.. ..# #.# .
###'#..###.. ..#
#.###.##. #..#.##
#.###.# #........
#...##
##.##.###.###....
#.##.##
##.###............
#.###.###@.#
###..#######. #.#
##.#.#e#
#..#.....#. #.##
##.##.#
##.#.....#. #..#
#.##.# #.'.._..#.
##.# #....#
#.#.....#. #.#
##.#### #.#.....#.
#.###...##
#.#######.
#.##.....##
#.........
#.#(....∩.##
#.........


You could see Duvessa (berserk, extremely poisoned).

Vanquished Creatures
  A sky beast (D:5)
  An ogre (D:5)
  A bullfrog (D:5)
  Dowan (D:5)
  2 water moccasin skeletons
  3 orc priests (D:4)
  Jessica (D:3)
  Terence (D:2)
  Natasha (thrice) (D:2)
  4 orc wizards (D:4)
  A howler monkey zombie (D:5)
  Robin (D:3)
  A howler monkey skeleton (D:5)
  9 adders
  2 dart slugs (D:1)
  10 orcs
  5 bats
  10 endoplasms
  A giant cockroach (D:4)
  12 hobgoblins
  3 jackals (D:5)
  4 kobolds
  2 quokkas
  6 ball pythons
  3 frilled lizards
  13 goblins
  4 rats (D:1)
105 creatures vanquished.

Vanquished Creatures (collateral kills)
  A bullfrog skeleton (D:4)
  A goblin (D:4)
  A quokka (D:4)
3 creatures vanquished.

Grand Total: 108 creatures vanquished

Notes
Turn   | Place    | Note
-------+----------+-------------------------------------------
     0 | D:1      | styxcanada the Spriggan Brigand began the quest for the
                  | Orb.
     0 | D:1      | Reached XP level 1. HP: 10/10 MP: 2/2
    34 | D:1      | Reached skill level 6 in Stealth
   191 | D:1      | Reached XP level 2. HP: 14/14 MP: 3/3
   887 | D:1      | Reached XP level 3. HP: 18/18 MP: 4/4
  1101 | D:2      | Reached skill level 7 in Stealth
  1528 | D:2      | Noticed Terence
  1546 | D:2      | Killed Terence
  1547 | D:2      | Reached XP level 4. HP: 23/23 MP: 5/5
  1684 | D:2      | Noticed Natasha
  1691 | D:2      | Killed Natasha
  1799 | D:2      | Noticed Natasha
  1818 | D:2      | Killed Natasha
  1819 | D:2      | Reached skill level 8 in Stealth
  1935 | D:2      | Found a faded altar of an unknown god.
  1941 | D:2      | Reached XP level 5. HP: 26/26 MP: 6/6
  2009 | D:2      | Noticed Natasha
  2020 | D:2      | Killed Natasha
  2405 | D:3      | Noticed Jessica
  2419 | D:3      | Killed Jessica
  2495 | D:3      | Noticed Robin
  2730 | D:3      | Killed Robin
  2731 | D:3      | Reached skill level 9 in Stealth
  2812 | D:4      | Reached XP level 6. HP: 17/31 MP: 7/7
  3061 | D:4      | Found a staircase to the Ecumenical Temple.
  3093 | Temple   | Entered the Ecumenical Temple
  3138 | Temple   | Became a worshipper of Gozag Ym Sagoz the Greedy
  3827 | D:4      | Found an ornate altar of the Wu Jian Council.
  3848 | D:4      | Reached XP level 7. HP: 35/35 MP: 8/8
  4020 | D:5      | Entered Level 5 of the Dungeon
  4149 | D:5      | Found a bloodstained altar of Trog.
  4175 | D:5      | Reached skill level 5 in Dodging
  4217 | D:5      | Learned a level 6 spell: Invisibility
  4228 | D:5      | Found Reqa's General Store.
  4247 | D:5      | Bought a potion of heal wounds for 65 gold pieces
  4247 | D:5      | Bought a wand of charming (4) for 78 gold pieces
  4296 | D:5      | Found a shimmering blue altar of Sif Muna.
  4311 | D:5      | Found Sejufero's Magic Scroll Boutique.
  4321 | D:5      | Bought a scroll of identify for 24 gold pieces
  4321 | D:5      | Bought a scroll of enchant weapon for 90 gold pieces
  4321 | D:5      | Bought a scroll of identify for 24 gold pieces
  4342 | D:5      | Reached skill level 10 in Stealth
  4364 | D:5      | Found Fuplob's Armour Shoppe.
  4377 | D:5      | Noticed Duvessa
  4377 | D:5      | Noticed Dowan
  4378 | D:5      | Killed Dowan
  4379 | D:5      | Reached skill level 1 in Spellcasting
  4379 | D:5      | Reached skill level 1 in Hexes
  4391 | D:5      | Mangled by Duvessa

Illustrated notes

Levels and vault maps discovered:
D:1:      minmay_arrival_nine_rooms, layout_loops_ring, kennysheep_another_room,
          minmay_unequal
D:2:      layout_basic, hellmonk_ecumenical_altar_slurped_away,
          kennysheep_flooded_box, hangedman_feature_mirror, uniq_terence,
          uniq_natasha
D:3:      layout_rooms, uniq_robin, uniq_jessica
D:4:      layout_basic, mainiacjoe_overflow_alcove_4,
          minmay_temple_entry_mini_moons
D:5:      layout_loops_ring, grunt_temple_overflow_order_and_chaos_2,
          mainiacjoe_overflow_six_doors_small, amcnicky_altar_gilded,
          serial_shops, nicolae_shop_behind_doors,
          nicolae_shop_overgrown_old_shop, shop, shop, nicolae_stop_n_shop_2,
          eino_tiny_chamber, uniq_crazy_yiuf_cottage, uniq_duvessa
Temple:   jpeg_temple_clearing

Skill      XL: |  1  2  3  4  5  6  7 |
---------------+----------------------+-----
Stealth        | 6 7 8 9 10 | 10.1
Dodging        | 2 3 4 5 |  5.3
Fighting       | 2 3 |  3.3
Short Blades   | 3 4 |  4.3
Throwing       | 3 |  3.1
Spellcasting   | 1 |  1.0
Hexes          | 1 |  1.0
Evocations     | |  0.7

Action                   |  1- 3 |  4- 6 |  7- 9 || total
-------------------------+-------+-------+-------++-------
Melee: Dagger            |    81 |   237 |    58 ||   376
Throw: Dart              |     6 |    43 |     3 ||    52
       Stone             |       |     5 |     1 ||     6
  Use: Scroll            |       |    10 |     5 ||    15
       Potion            |       |     2 |       ||     2
 Stab: Sleeping          |    13 |    14 |     7 ||    34
       Distracted        |       |       |     1 ||     1
Armor: Robe              |     7 |    23 |     2 ||    32
Dodge: Dodged            |    45 |   130 |    29 ||   204
